 Dungeon Crawl Stone Soup version 0.29-a0-25-g7f48f510a0 (webtiles) character file.

Game seed: 3277962462291847652

932 bande the Protected (level 8, -2/48 HPs)
             Began as a Gargoyle Fighter on Jan 31, 2022.
             Slain by a killer bee (6 damage)
             ... on level 4 of the Dungeon.
             The game lasted 00:05:11 (3201 turns).

bande the Protected (Gargoyle Fighter)              Turns: 3201, Time: 00:05:12

Health: -2/48      AC: 17    Str: 19    XL:     8   Next: 11%
Magic:  8/8        EV: 10    Int: 10    God:
Gold:   154        SH:  6    Dex: 11    Spells: 7/7 levels left

rFire   . . .      SeeInvis .   a - +1 war axe
rCold   . . .      Faith    .   c - +0 buckler
rNeg    + . .      Spirit   .   n - +5 ring mail of Virtue {Slay+3}
rPois   ∞          Reflect  .   (no helmet)
rElec   +          Harm     .   (no cloak)
rCorr   .          Rampage  .   (no gloves)
Will    .....                   (no boots)
Stlth   +.........              (no amulet)
HPRegen 0.16/turn               (no ring)
MPRegen 0.11/turn               (no ring)

@: mighty, flying
A: sickness immunity, AC +5, negative energy resistance 1, electricity
resistance, torment resistance 1, petrification resistance
a: no special abilities


You were on level 4 of the Dungeon.
You visited 1 branch of the dungeon, and saw 4 of its levels.

You collected 154 gold pieces.

Inventory:

Hand Weapons
 a - a +1 war axe (weapon)
 g - a +0 war axe
Armour
 c - a +0 buckler (worn)
 n - the +5 ring mail of Virtue (worn) {Slay+3}
   (You found it on level 3 of the Dungeon)

   Slay:      It affects your accuracy & damage with ranged weapons and melee
   (+3).
 o - the +4 chain mail of Desm {rPois rC+ Int-5 Dex+6}
   (You found it on level 4 of the Dungeon)

   Int:       It affects your intelligence (-5).
   Dex:       It affects your dexterity (+6).
   rC:        It protects you from cold.
   rPois:     It protects you from poison.
Jewellery
 e - a ring of resist corrosion
 h - a ring of ice
 p - an amulet of magic regeneration
Scrolls
 f - a scroll of enchant armour {unknown}
 i - 2 scrolls of enchant weapon
 k - a scroll of acquirement {unknown}
 l - a scroll of noise {unknown}
 m - a scroll of teleportation
Potions
 d - a potion of might
 q - a potion of experience


   Skills:
 + Level 4.7 Fighting
 + Level 8.5 Axes
 + Level 9.3 Armour
 + Level 9.1 Shields


You had 7 spell levels left.
You didn't know any spells.
Your spell library contained the following spells:

 Spells                   Type           Power      Damage    Failure   Level
 Animate Skeleton         Necr           0%         N/A       58%         1
 Apportation              Tloc           0%         N/A       58%         1
 Shock                    Conj/Air       0%         1d3       58%         1
 Summon Small Mammal      Summ           0%         N/A       58%         1
 Scorch                   Fire           0%         2d5       73%         2
 Frozen Ramparts          Ice            0%         1d2       91%         3
 Swiftness                Air            0%         N/A       91%         3
 Airstrike                Air            0%         N/A       100%        4
 Flame Wave               Conj/Fire      0%         2d4       100%        4
 Ice Form                 Ice/Tmut       0%         N/A       100%        4
 Summon Ice Beast         Ice/Summ       0%         N/A       100%        4
 Summon Cactus Giant      Summ           0%         N/A       100%        6


Dungeon Overview and Level Annotations

Branches:
Dungeon (4/15)
 Temple: D:4-7

Altars:
Vehumet


Innate Abilities, Weirdness & Mutations

You are immune to sickness and miasma.
Your stone body is resilient. (AC +5)
You are immune to poison.
You resist negative energy. (rN+)
You are resistant to electric shocks. (rElec)
You are resistant to unholy torment.
You are immune to petrification.


Message History

You closely miss the killer bee.
The killer bee is severely wounded.
The killer bee stings you.
* * * LOW HITPOINT WARNING * * *
The killer bee completely misses you.
You miss the killer bee.
The killer bee is severely wounded.
The killer bee stings you but does no damage. x2
The killer bee stings you.
* * * LOW HITPOINT WARNING * * *
Unknown command.
You slash the killer bee!
You kill the killer bee!
The killer bee stings you but does no damage.
You block the killer bee's attack.
You miss the killer bee. The killer bee barely misses you.
The killer bee stings you but does no damage.
You miss the killer bee. The killer bee barely misses you.
You block the killer bee's attack.
You miss the killer bee. The killer bee closely misses you.
The killer bee barely misses you.
You slash the killer bee!
The killer bee is severely wounded.
The killer bee stings you but does no damage.
The killer bee closely misses you.
You slice the killer bee!!
You kill the killer bee!
The killer bee barely misses you.
You miss the killer bee. The killer bee stings you.
* * * LOW HITPOINT WARNING * * *
The killer bee stings you but does no damage.
You barely miss the killer bee. The killer bee closely misses you. x2
The killer bee stings you.
* * * LOW HITPOINT WARNING * * *
You barely miss the killer bee. The killer bee barely misses you.
The killer bee stings you but does no damage.
You slash the killer bee!
The killer bee is severely wounded.
You block the killer bee's attack. The killer bee stings you.
You die...

#...# ##...## ......# ..... ###
....#### ###.# #...##..##...#
#####...##......@#
.<.##...##......#y...#
................#....#
...............†#....#
....>...........##..#####
#####...######..######..#
#..##...######..##......####
....+......................######
....#...................##......#


You could see a killer bee.

Vanquished Creatures
  A necrophage (D:4)
  A phantom (D:4)
  A scorpion (D:4)
  3 killer bees (D:4)
  A jelly (D:4)
  An iguana (D:4)
  4 adders
  An ufetubus (D:4)
  A worm (D:3)
  2 dart slugs
  4 orcs (D:3)
  4 endoplasms
  3 giant cockroaches
  4 goblins
  4 hobgoblins
  6 kobolds
  4 quokkas
  5 ball pythons
  8 bats
  6 frilled lizards
  2 rats
66 creatures vanquished.

Notes
Turn   | Place    | Note
-------+----------+-------------------------------------------
     0 | D:1      | bande the Gargoyle Fighter began the quest for the Orb.
     0 | D:1      | Reached XP level 1. HP: 14/14 MP: 1/1
    14 | D:1      | Found a faded altar of an unknown god.
   144 | D:1      | Reached XP level 2. HP: 17/19 MP: 2/2
  1147 | D:2      | Reached XP level 3. HP: 16/23 MP: 3/3
  2023 | D:3      | Reached XP level 4. HP: 28/29 MP: 4/4
  2382 | D:3      | Identified the +5 ring mail of Virtue {Slay+3}
  2489 | D:4      | Noticed a phantom
  2498 | D:4      | Identified the +4 chain mail of Desm {rPois rC+ Int-5
                  | Dex+6}
  2506 | D:4      | Killed a phantom
  2507 | D:4      | Reached XP level 5. HP: 26/33 MP: 5/5
  2588 | D:4      | Noticed a necrophage
  2602 | D:4      | Killed a necrophage
  2603 | D:4      | Reached XP level 6. HP: 18/39 MP: 6/6
  2971 | D:4      | Found a radiant altar of Vehumet.
  3115 | D:4      | Reached skill level 5 in Axes
  3115 | D:4      | Reached XP level 7. HP: 37/44 MP: 7/7
  3186 | D:4      | Reached XP level 8. HP: 10/48 MP: 8/8
  3201 | D:4      | Slain by a killer bee

Illustrated notes

Levels and vault maps discovered:
D:1:      shiori_arrival_maze, layout_basic,
          hellmonk_ecumenical_altar_pennies_from_heaven, serial_bayou,
          serial_bayou_pond_d, serial_bayou_shore_b, serial_bayou_pond_d,
          serial_bayou_pond_e, serial_bayou_shore_b
D:2:      layout_basic, minmay_misc_feat_roman
D:3:      layout_rooms
D:4:      layout_gridville, minitemple, lemuel_doored_altar,
          lightli_temple_of_fire, mainiacjoe_overflow_alcove_2

Skill      XL: |  1  2  3  4  5  6  7 |
---------------+----------------------+-----
Axes           | 2 3 4 5 8 |  8.5
Armour         | 4 9 |  9.3
Fighting       | 4 |  4.7
Shields        | 4 9 |  9.1

Action                   |  1- 3 |  4- 6 |  7- 9 || total
-------------------------+-------+-------+-------++-------
Melee: War axe           |   122 |   105 |    31 ||   258
  Use: Scroll            |     3 |       |       ||     3
       Potion            |       |       |     4 ||     4
Armor: Scale mail        |    20 |       |       ||    20
       Chain mail        |    93 |    27 |       ||   120
       Ring mail         |       |    43 |    26 ||    69
Dodge: Dodged            |    70 |    61 |    31 ||   162
Block: Buckler           |    28 |    27 |     7 ||    62

Table legend: (Time is in decaauts)
 A = Elapsed time spent in this place.
 B = Non-inter-level travel time spent in this place.
 C = Inter-level travel time spent in this place.
 D = Time resting spent in this place.
 E = Time spent auto-exploring this place.
 F = Levels seen in this place.
 G = Mean time per level.
                   A        B        C        D        E       F      G
               +--------+--------+--------+--------+--------+-----+--------+
         Total |   3301 |   3251 |     50 |     97 |   2452 |   4 |  825.2 |
       Dungeon |   3301 |   3251 |     50 |     97 |   2452 |   4 |  825.2 |
               +--------+--------+--------+--------+--------+-----+--------+

Top non-repeatable levels by time:
     D:1: 1162 daAuts
     D:2: 903 daAuts
     D:4: 769 daAuts
     D:3: 466 daAuts
